 Dungeon Crawl Stone Soup version 0.18.1-50-g88ac8fd (webtiles) character file.

340052 Mesmaeker13 the Ruinous (level 21, -49/138 HPs)
             Began as a High Elf Conjurer on Sept 14, 2016.
             Was the Champion of Vehumet.
             Killed from afar by a frost giant (79 damage)
             ... with a bolt of cold
             ... on level 2 of the Depths on Sept 16, 2016.
             The game lasted 05:52:16 (74194 turns).

Mesmaeker13 the Ruinous (High Elf Conjurer)        Turns: 74194, Time: 05:52:16

Health: -49/138    AC:  8    Str: 11    XL:     21   Next: 6%
Magic:  31/52      EV: 17    Int: 25    God:    Vehumet [******]
Gold:   2931       SH: 16    Dex: 21    Spells: 10 memorised, 14 levels left

rFire  + + +     SeeInvis .     F - +6 scimitar of Flaming Death {sticky flame, rPois rF++ rC- MR+}
rCold  x . .     Gourm    +     o - +12 fire dragon armour of Joy {+Fly rF++ rC- MR+ Slay+3}
rNeg   + . .     Faith    .     V - +2 shield
rPois  +         Spirit   .     m - -2 hat of the Alchemist {rElec rPois rF+ rC+ rN+ MR+ rMut rCorr}
rElec  +         Dismiss  .     b - +1 cloak
rCorr  +         Reflect  .     c - +2 pair of gloves
rMut   +         Harm     .     Q - +2 pair of boots {run}
SustAt .         Clarity  +     f - amulet of the gourmand
MR     +++++                    v - ring of magical power
Stlth  ++........               Z - ring of Bapsiwyuc {Wiz Dex+3}

@: swift, corroded, very slightly contaminated, regenerating, invisible, very
quick, almost entirely resistant to hostile enchantments, unstealthy
A: clarity
a: Renounce Religion, Evoke Flight
}: 2/15 runes: decaying, gossamer


You were on level 2 of the Depths.
You worshipped Vehumet.
Vehumet was exalted by your worship.
You were very full.

You visited 8 branches of the dungeon, and saw 39 of its levels.
You also visited: Trove and Sewer.

You collected 4327 gold pieces.
You spent 1396 gold pieces at shops.

Inventory:

Hand Weapons
 F - the +6 scimitar of Flaming Death (weapon) {sticky flame, rPois rF++ rC- MR+}
   (You took it off a deep elf annihilator on level 3 of the Elven Halls)

   It has been specially enchanted to burn those struck by it, causing extra
   injury to most foes and up to half again as much damage against particularly
   susceptible opponents.
   Big, fiery blades are also staple armaments of hydra-hunters.
   It greatly protects you from fire.
   It makes you vulnerable to cold.
   It protects you from poison.
   It affects your resistance to hostile enchantments.
Armour
 b - a +1 cloak (worn)
 c - a +2 pair of gloves (worn)
 m - the -2 hat of the Alchemist (worn) {rElec rPois rF+ rC+ rN+ MR+ rMut rCorr}
   (You found it on level 2 of the Swamp)

   It protects you from fire.
   It protects you from cold.
   It insulates you from electricity.
   It protects you from poison.
   It protects you from negative energy.
   It affects your resistance to hostile enchantments.
   It protects you from acid and corrosion.
   It protects you from mutation.
 o - the +12 fire dragon armour of Joy (worn) {+Fly rF++ rC- MR+ Slay+3}
   (You found it on level 3 of the Elven Halls)

   It affects your accuracy and damage with ranged weapons and melee attacks
   (+3).
   It greatly protects you from fire.
   It makes you vulnerable to cold.
   It affects your resistance to hostile enchantments.
   It lets you fly.
 Q - a +2 pair of boots of running (worn)
 V - a +2 shield (worn)
Magical Staves
 K - an uncursed staff of conjuration
Jewellery
 f - an amulet of the gourmand (around neck)
 h - the amulet of the Four Winds {rN+ MR+++ Clar}
   (You took it off a deep elf mage on level 3 of the Elven Halls)

   [amulet of nothing]

   It protects you from negative energy.
   It affects your resistance to hostile enchantments.
   It protects you against confusion.
 v - a ring of magical power (right hand)
 M - an uncursed ring of ice
 P - an uncursed ring of see invisible
 Z - the ring of Bapsiwyuc (left hand) {Wiz Dex+3}
   (You found it in a treasure trove)

   [ring of wizardry]

   It improves your spell success rate.
   It affects your dexterity (+3).
Wands
 a - a wand of disintegration (13/24)
 i - a wand of heal wounds (3/9)
 k - a wand of iceblast (9/15)
 R - a wand of iceblast (8/15)
Scrolls
 e - 4 scrolls of remove curse
 l - 4 scrolls of fog
 q - 4 scrolls of blinking
 w - 9 scrolls of teleportation
 A - a scroll of amnesia
 B - a scroll of enchant armour
 I - 5 scrolls of identify
 J - 2 scrolls of recharging
 X - a scroll of magic mapping
Potions
 d - 7 potions of brilliance
 g - 17 potions of curing
 j - 7 potions of resistance
 n - 3 potions of haste
 p - 4 potions of cancellation
 s - 8 potions of might
 t - 2 potions of flight
 x - 4 potions of magic
 G - a potion of heal wounds
 H - 7 potions of ambrosia
 N - 2 potions of agility
 S - a potion of cure mutation
 T - a potion of lignification
Miscellaneous
 y - a crystal ball of energy
 D - 2 phantom mirrors
Comestibles
 r - a royal jelly
 u - 3 bread rations
 z - 3 fruits
 C - a chunk of flesh
 E - 2 beef jerkies
 O - 2 slices of pizza


   Skills:
 - Level 10.6 Fighting
   Level 5.0(5.4) Short Blades
 + Level 3.0(4.4) Long Blades
 + Level 5.9 Armour
 - Level 14.0 Dodging
 - Level 6.3 Stealth
 - Level 15.1 Shields
 - Level 17.2 Spellcasting
 + Level 21.6 Conjurations
 - Level 5.6 Hexes
 - Level 10.0 Charms
 + Level 10.4 Fire Magic
 - Level 3.0 Evocations


You had 14 spell levels left.
You knew the following spells:

 Your Spells              Type           Power        Failure   Level  Hunger
a - Magic Dart            Conj           ####         0%          1    None
b - Orb of Destruction    Conj           #######...   1%          7    #####..
c - Dazzling Spray        Conj/Hex       ######       1%          3    None
d - Iskenderun's Mystic   Conj           #######.     1%          4    None
e - Fireball              Conj/Fire      #######...   1%          5    None
f - Iskenderun's Battles  Conj/Chrm      #######.     1%          5    None
g - Fulminant Prism       Conj/Hex       ######....   1%          4    None
h - Bolt of Fire          Conj/Fire      #######...   1%          6    ###....
i - Regeneration          Chrm/Necr      #####.....   4%          3    None
j - Swiftness             Chrm/Air       #####...     1%          2    None


Dungeon Overview and Level Annotations

Branches:
Dungeon (15/15)            Temple (1/1) D:4            Lair (8/8) D:11
  Swamp (4/4) Lair:6       Spider (4/4) Lair:4        Slime (0/6) Lair:7
    Orc (2/2) D:10            Elf (3/3) Orc:2        Vaults (0/5) D:14
 Depths (2/5) D:15

Altars:
Ashenzari
Cheibriados
Dithmenos
Elyvilon
Fedhas
Gozag
Kikubaaqudgha
Makhleb
Nemelex Xobeh
Okawaru
Pakellas
Qazlal
Ru
Sif Muna
Trog
Vehumet
Xom
Yredelemnul
Zin
The Shining One
Beogh

Shops:
D:7 %   Orc:2 ![}!?   Elf:1 !

Portals:
Hell: Lair:8 Depths:1
Pandemonium: Depths:1


Innate Abilities, Weirdness & Mutations

You possess an exceptional clarity of mind.


Message History

Casting: Regeneration
Confirm with . or Enter, or press ? or * to list all spells.
Okay, then.
Casting: Regeneration
Confirm with . or Enter, or press ? or * to list all spells.
You feel quick.
Casting: Swiftness
Confirm with . or Enter, or press ? or * to list all spells.
Aiming: Orb of Destruction
Press: ? - help, Shift-Dir - straight line, f - entropy weaver
Aim: an entropy weaver (almost dead)
The wavering orb of destruction hits the entropy weaver.
You blow up the entropy weaver!
Vehumet accepts your kill.
You feel your power returning.
Your base Long Blades skill increases to level 3!
The frost giant casts a spell at you. The bolt of cold hits you!
You feel a terrible chill!
Ouch! That really hurt!
You die...

##....###(......####.....#......#
........(..........#...CC........
####........#####..#####...).....
...#........# #..# #p.....#.#
##.#........# #..# #ยง.....#
.#.#........# #..# #.)#####
.#.#.....##.# #..# #(.#
.#.#....################C(#
.#.#............@....C....#
.#.#......................#
.#..).....[.#############.#
#..........# #..# #.#
#..........# #..# ...
............# #..# ....
............# #..# #...#
............# #..# ####
............. #..#


You could see a frost giant.

Vanquished Creatures
  Norris (Elf:3)
  2 deep elf master archers (Elf:3)
  3 deep elf blademasters
  The ghost of Xelenos the Warrior, an adept MiFi of Okawaru (Spider:4)
  Frances (Swamp:2)
  Agnes (Spider:3)
  A tengu reaver (D:13)
  4 thorn hunters
  Roxanne (Swamp:4)
  A storm dragon (D:13)
  A fire giant (Depths:1)
  A frost giant (Depths:2)
  Donald (Orc:1)
  4 ghost moths
  The ghost of appiemonkey the Warrior, a journeyman MiFi of the Shining One (Lair:2)
  6 emperor scorpions
  Aizul (Swamp:1)
  Maud (D:11)
  4 deep elf sorcerers (Elf:3)
  2 deep elf elementalists (Elf:3)
  An orc warlord (Orc:1)
  3 stone giants
  8 very ugly things
  A juggernaut skeleton (Depths:1)
  2 vampire knights
  5 deep elf annihilators (Elf:3)
  5 deep elf demonologists
  A merfolk javelineer (Depths:1)
  A dire elephant (Lair:8)
  3 spark wasps
  Snorg (D:10)
  6 fire dragons
  3 ettins
  9 deep elf death magi
  6 jiangshi
  A great orb of eyes (shapeshifter) (D:15)
  A yaktaur captain (D:13)
  A deep elf high priest (Elf:3)
  8 entropy weavers
  2 great orbs of eyes (Depths:1)
  Harold (D:11)
  3 rakshasas
  23 hydras
  Erolcha (Orc:2)
  A ghost crab (Swamp:4)
  8 alligators
  A death knight (D:15)
  9 centaur warriors
  Erica (D:9)
  3 ogre magi
  11 tengu warriors
  3 vampire magi
  4 deep troll earth magi
  2 orc high priests
  30 dancing weapons
  A deep troll shaman (Depths:1)
  Urug (D:12)
  A sun demon (Lair:8)
  29 deep elf knights
  A soul eater (Depths:1)
  2 fire crabs (Swamp:4)
  Nergalle (D:11)
  A skeletal warrior (D:15)
  7 hell knights
  5 wizards
  4 spriggan druids
  A giant orange brain (Depths:1)
  A flayed ghost (Depths:1)
  An iron troll (D:14)
  10 swamp dragons
  A shambling mangrove (Swamp:3)
  7 deep trolls
  5 hill giants
  21 deep elf archers
  A necromancer (Depths:1)
  2 lindwurms
  30 wolf spiders
  71 deep elf magi
  4 orc knights
  A wolf spider zombie (D:15)
  17 orb spiders
  A shining eye (Lair:7)
  8 hornets
  5 cyclopes
  A hornet (shapeshifter) (Depths:2)
  A salamander (D:15)
  10 orc sorcerers
  2 griffons
  22 ugly things
  A manticore (D:11)
  A sixfirhy (Lair:8)
  4 centaur zombies
  A moth of wrath (Spider:1)
  18 elephants
  A stone giant skeleton (Depths:1)
  6 black mambas
  A frost giant skeleton (Depths:1)
  3 torpor snails
  A smoke demon (Lair:8)
  18 spiny frogs
  5 orange demons (Lair:8)
  Psyche (D:9)
  A gargoyle (D:12)
  4 centaur skeletons
  A kobold demonologist (D:11)
  12 komodo dragons
  3 freezing wraiths
  A yaktaur zombie (Depths:1)
  A spriggan zombie (Depths:1)
  3 rime drakes
  3 yaktaurs
  5 efreet (D:15)
  A redback zombie (D:15)
  7 tengu conjurers
  9 demonic crawlers
  3 ice devils (Lair:8)
  A troll (shapeshifter) (Elf:3)
  9 trolls
  The ghost of PeterLawrence the Shield-Bearer, an amateur MiFi (D:4)
  4 giant leeches
  A wind drake (shapeshifter) (D:14)
  50 jumping spiders
  A queen bee (D:9)
  4 two-headed ogres
  5 blink frogs
  3 boulder beetles
  6 bog bodies
  14 slime creatures
  Sigmund (D:5)
  4 spriggans
  3 air elementals
  5 shadows
  20 tarantellas
  3 wyverns
  99 redbacks
  2 basilisks
  10 fire elementals
  5 water elementals
  45 yaks
  A vampire (D:10)
  14 hippogriffs
  6 hungry ghosts
  17 vampire mosquitoes
  2 steam dragons
  3 wargs
  5 mottled dragons
  A swamp worm (shapeshifter) (Depths:1)
  4 insubstantial wisps (Swamp:4)
  2 soldier ants (D:15)
  6 large abominations (Elf:1)
  A hell hound (Lair:8)
  15 swamp worms
  17 swamp drakes
  12 porcupines
  17 water moccasins
  A black bear (D:8)
  3 ice beasts
  An eye of draining (D:8)
  4 sky beasts
  17 wasps
  38 orc warriors
  4 phantoms
  26 centaurs
  A necrophage (D:6)
  11 boggarts
  13 wolves
  20 ogres
  14 crocodiles
  5 big kobolds
  The ghost of gloryseeker the Vexing, an amateur KoAM (D:3)
  5 earth elementals
  20 giant frogs
  3 elf zombies (Elf:1)
  A gnoll sergeant (D:10)
  5 scorpions
  A wyvern skeleton (D:14)
  29 killer bees
  14 wights
  2 howler monkeys
  5 electric eels
  10 crimson imps
  A giant frog zombie (D:10)
  3 jellies
  A wasp zombie (D:10)
  2 quasits
  10 hounds
  47 orc wizards
  20 orc priests
  A giant frog skeleton (D:10)
  7 iguanas
  4 hell rats (Lair:7)
  14 worker ants
  23 sheep
  A hound skeleton (D:11)
  2 worker ant zombies
  15 gnolls
  18 adders
  An adder (shapeshifter) (D:15)
  84 river rats
  4 shadow imps
  A white imp (Depths:1)
  2 oozes
  An adder zombie (D:9)
  4 worms
  2 dart slugs
  4 giant geckos
  88 orcs
  9 bats
  7 giant cockroaches
  8 goblins
  7 hobgoblins
  16 jackals
  25 kobolds
  A quokka (D:5)
  4 ball pythons
  A giant gecko skeleton (D:4)
  7 giant newts
  A jackal skeleton (D:4)
  16 rats
  A fungus (Lair:5)
  3 plants
1737 creatures vanquished.

Vanquished Creatures (others)
  A deep elf knight (Elf:1)
  A centaur skeleton (D:15)
  A jumping spider (Spider:1)
  A water elemental (Elf:3)
  4 swamp drakes (Swamp:4)
  An ogre (Depths:2)
  A boggart (Depths:1)
  A crimson imp (D:7)
  An orc (D:11)
  126 fulminant prisms
  52 fungi
  29 plants
219 creatures vanquished.

Grand Total: 1956 creatures vanquished

Notes
Turn   | Place    | Note
--------------------------------------------------------------
     0 | D:1      | Mesmaeker13 the High Elf Conjurer began the quest for the Orb.
     0 | D:1      | Reached XP level 1. HP: 11/11 MP: 4/4
   172 | D:1      | Reached XP level 2. HP: 17/17 MP: 3/6
   835 | D:2      | Learned a level 2 spell: Searing Ray
   944 | D:2      | Reached XP level 3. HP: 19/21 MP: 3/8
  1253 | D:2      | You fall through a shaft!
  1258 | D:3      | Noticed gloryseeker's ghost (amateur KoAM)
  1479 | D:3      | Reached skill level 5 in Conjurations
  1479 | D:3      | Reached XP level 4. HP: 24/27 MP: 4/10
  1599 | D:3      | Found an iron altar of Okawaru.
  1696 | D:3      | Found a glowing drain.
  1703 | Sewer    | Entered a sewer
  1897 | Sewer    | Reached XP level 5. HP: 30/31 MP: 7/12
  2726 | D:3      | Learned a level 3 spell: Dazzling Spray
  2753 | D:4      | Noticed PeterLawrence's ghost (amateur MiFi)
  3201 | D:4      | Reached XP level 6. HP: 37/37 MP: 13/13
  3251 | D:5      | Entered Level 5 of the Dungeon
  3276 | D:5      | Learned a level 4 spell: Iskenderun's Mystic Blast
  3300 | D:5      | Noticed Sigmund
  3307 | D:5      | Killed Sigmund
  3307 | D:5      | Reached skill level 1 in Fighting
  3307 | D:5      | Reached skill level 6 in Conjurations
  3381 | D:5      | Found a radiant altar of Vehumet.
  3401 | D:5      | Reached XP level 7. HP: 33/45 MP: 10/15
  3405 | D:5      | Reached skill level 5 in Dodging
  3419 | D:5      | Became a worshipper of Vehumet
  3561 | D:5      | Reached skill level 5 in Spellcasting
  4323 | D:6      | Reached XP level 8. HP: 17/52 MP: 9/17
  4372 | D:6      | Reached * piety under Vehumet
  4372 | D:6      | Offered knowledge of Sting by Vehumet.
  4372 | D:6      | Reached skill level 7 in Conjurations
  4565 | D:6      | Found a sparkling altar of Nemelex Xobeh.
  4574 | D:6      | Learned a level 1 spell: Sting
  4671 | D:6      | Paralysed by an orc priest for 5 turns
  5821 | D:6      | Reached skill level 8 in Conjurations
  5932 | D:6      | Reached skill level 5 in Fighting
  5932 | D:6      | Reached XP level 9. HP: 61/61 MP: 7/20
  6263 | D:4      | Killed PeterLawrence's ghost
  6340 | D:4      | Got a spiked ring mail
  6532 | D:4      | Found a staircase to the Ecumenical Temple.
  6551 | Temple   | Entered the Ecumenical Temple
  6801 | D:4      | Found a stormy altar of Qazlal.
  7063 | D:4      | Identified the +5 ring mail "Fobb" {rC- Str+5} (You found it on level 4 of the Dungeon)
  7080 | D:4      | Learned a level 5 spell: Iskenderun's Battlesphere
  7256 | D:3      | Killed gloryseeker's ghost
  7256 | D:3      | Offered knowledge of Sandblast by Vehumet.
  7258 | D:3      | Reached ** piety under Vehumet
  7363 | D:7      | Reached skill level 1 in Charms
  7929 | D:7      | Found Sazeq's Food Shoppe.
  8475 | D:8      | Offered knowledge of Static Discharge by Vehumet.
  8528 | D:8      | Reached skill level 9 in Conjurations
  8882 | D:8      | Reached *** piety under Vehumet
  8903 | D:8      | Reached XP level 10. HP: 56/68 MP: 19/23
  9743 | D:8      | Found a blossoming altar of Fedhas.
  9745 | D:8      | Found a snail-covered altar of Cheibriados.
  9783 | D:8      | Found a shattered altar of Ashenzari.
  9783 | D:8      | Found a white marble altar of Elyvilon.
  9785 | D:8      | Found a bloodstained altar of Trog.
  9894 | D:8      | Found a sacrificial altar of Ru.
 10020 | D:9      | Offered knowledge of Ignite Poison by Vehumet.
 10046 | D:8      | Reached skill level 5 in Charms
 10184 | D:9      | Noticed Psyche
 10197 | D:9      | Killed Psyche
 10570 | D:9      | Noticed Erica
 10586 | D:9      | Killed Erica
 10586 | D:9      | Reached skill level 10 in Conjurations
 10820 | D:9      | Reached **** piety under Vehumet
 11071 | D:9      | Noticed a cyclops
 11085 | D:9      | Killed a cyclops
 11092 | D:9      | Learned a level 4 spell: Fulminant Prism
 11224 | D:9      | Offered knowledge of Throw Icicle by Vehumet.
 11563 | D:9      | Reached skill level 10 in Dodging
 11691 | D:9      | Reached XP level 11. HP: 55/72 MP: 20/24
 11707 | D:10     | Entered Level 10 of the Dungeon
 12065 | D:10     | Reached skill level 1 in Shields
 12102 | D:10     | Reached ***** piety under Vehumet
 12106 | D:10     | Noticed Snorg
 12184 | D:10     | Offered knowledge of Iron Shot by Vehumet.
 12272 | D:10     | Killed Snorg
 12272 | D:10     | Reached skill level 11 in Conjurations
 12601 | D:10     | Got an ivory dagger {drain}
 12602 | D:10     | Identified the +8 dagger "Magaseov" {drain, MR+ Dex+4} (You took it off an orc on level 10 of the Dungeon)
 12722 | D:10     | Found a staircase to the Orcish Mines.
 12772 | D:11     | Noticed Harold
 12788 | D:11     | HP: 1/75 [centaur/arrow (6)]
 13211 | D:11     | Killed Harold
 13440 | D:11     | Noticed Maud
 13444 | D:11     | Found a staircase to the Lair.
 13995 | D:11     | Noticed Nergalle
 14614 | D:10     | Got an ominously black robe
 14625 | D:10     | Identified the +1 robe of the Forest {Str+2 SInv Stlth+} (You took it off an orc on level 10 of the Dungeon)
 14783 | D:11     | Killed Nergalle
 14904 | D:11     | Reached skill level 1 in Short Blades
 15267 | D:11     | Reached XP level 12. HP: 79/82 MP: 26/26
 15511 | D:11     | Killed Maud
 15511 | D:11     | Reached skill level 10 in Spellcasting
 15511 | D:11     | Reached skill level 12 in Conjurations
 15995 | Lair:1   | Entered Level 1 of the Lair of Beasts
 16421 | Lair:1   | Reached skill level 5 in Shields
 16450 | Lair:1   | You fall through a shaft!
 16457 | Lair:2   | Offered knowledge of Irradiate by Vehumet.
 16516 | Lair:2   | Noticed appiemonkey's ghost (journeyman MiFi)
 16855 | Lair:1   | Reached skill level 5 in Short Blades
 17462 | Lair:3   | Reached skill level 1 in Hexes
 17535 | Lair:3   | Got a bloodstained leather armour
 17567 | Lair:3   | Identified the +1 leather armour of Starshine {+Blink rC++ Str+4 Int-3} (You found it on level 3 of the Lair of Beasts)
 18394 | Lair:4   | Found a hole to the Spider Nest.
 19527 | Lair:5   | Noticed an eight-headed hydra
 19531 | Lair:5   | Killed an eight-headed hydra
 19585 | Lair:5   | Found a stormy altar of Qazlal.
 19677 | Lair:5   | Reached XP level 13. HP: 80/88 MP: 7/28
 20966 | Lair:6   | Found a staircase to the Swamp.
 21053 | Lair:6   | Learned a level 7 spell: Orb of Destruction
 21147 | Lair:6   | Reached skill level 5 in Hexes
 22306 | Lair:7   | Found a staircase to the Slime Pits.
 22495 | Lair:8   | Entered Level 8 of the Lair of Beasts
 23422 | Lair:7   | Learned a level 5 spell: Venom Bolt
 23436 | Lair:8   | Reached skill level 13 in Conjurations
 23781 | Lair:8   | Reached ****** piety under Vehumet
 24346 | Lair:8   | Noticed a dire elephant
 24358 | Lair:7   | Reached XP level 14. HP: 85/94 MP: 7/29
 25002 | Lair:8   | Offered knowledge of Poisonous Cloud by Vehumet.
 25589 | Lair:8   | Found a burning altar of Makhleb.
 25922 | Lair:8   | Reached skill level 14 in Conjurations
 26093 | Lair:8   | Found a gateway to Hell.
 26618 | Lair:2   | Killed appiemonkey's ghost
 27196 | Orc:1    | Entered Level 1 of the Orcish Mines
 27236 | Orc:1    | Reached skill level 10 in Shields
 27430 | Orc:1    | Noticed an orc warlord
 27450 | Orc:1    | Killed an orc warlord
 27804 | Orc:1    | Offered knowledge of Lightning Bolt by Vehumet.
 28166 | Orc:1    | Found a roughly hewn altar of Beogh.
 28348 | Orc:1    | Reached skill level 10 in Fighting
 28503 | Orc:2    | Entered Level 2 of the Orcish Mines
 28503 | Orc:2    | Found Sastob's Magic Scroll Shop.
 28529 | Orc:2    | Noticed Donald
 28570 | Orc:1    | Killed Donald
 29062 | Orc:2    | Found a staircase to the Elven Halls.
 29281 | Orc:2    | Offered knowledge of Bolt of Cold by Vehumet.
 29452 | Orc:2    | Found Laothrom's Distillery.
 29472 | Orc:2    | Found Vaj Jomm's Gadget Emporium.
 29505 | Orc:2    | Reached XP level 15. HP: 105/105 MP: 30/30
 29516 | Orc:2    | Found an ancient bone altar of Kikubaaqudgha.
 29528 | Orc:2    | Found Gen Koacsui's Antique Armour Emporium.
 29539 | Orc:2    | Noticed Erolcha
 29551 | Orc:2    | Killed Erolcha
 29610 | Orc:2    | Reached skill level 15 in Conjurations
 29622 | Orc:2    | Found a radiant altar of Vehumet.
 29629 | Orc:2    | Bought a pair of glowing gloves for 148 gold pieces
 29656 | Orc:2    | Found a roughly hewn altar of Beogh.
 29672 | Orc:2    | Found Ynoeten's Distillery.
 30047 | D:12     | Noticed Urug
 30055 | D:12     | Killed Urug
 30055 | D:12     | Reached skill level 1 in Armour
 30948 | D:13     | Noticed a tengu reaver
 30956 | D:13     | Killed a tengu reaver
 32072 | D:13     | Noticed a storm dragon
 32083 | D:13     | Killed a storm dragon
 32250 | D:13     | Got a translucent glass ring
 32252 | D:13     | Identified Seshronn's Volume of Harmful Summoning
 32515 | D:14     | Identified the ring "Gubaise" {Dex+3 Stlth-} (You found it on level 13 of the Dungeon)
 32671 | D:14     | Offered knowledge of Bolt of Fire by Vehumet.
 32760 | Lair:1   | Learned a level 5 spell: Fireball
 33415 | D:14     | Got a transparent falchion
 33436 | D:14     | Found a portal to a secret trove of treasure.
 33658 | D:14     | Found a gate to the Vaults.
 33682 | D:14     | Reached skill level 5 in Armour
 34274 | D:15     | Entered Level 15 of the Dungeon
 34443 | D:15     | Reached skill level 1 in Fire Magic
 34771 | D:15     | Reached skill level 16 in Conjurations
 35780 | D:15     | Offered knowledge of Delayed Fireball by Vehumet.
 35780 | D:15     | Reached XP level 16. HP: 111/111 MP: 28/31
 36323 | D:15     | Found a staircase to the Depths.
 37077 | D:15     | Learned a level 6 spell: Bolt of Fire
 37537 | Orc:2    | Bought a scroll of fear for 59 gold pieces
 37570 | Orc:2    | Bought a wand of heal wounds (2/9) for 576 gold pieces
 37945 | Swamp:1  | Entered Level 1 of the Swamp
 38258 | Swamp:1  | Noticed Aizul
 38265 | Swamp:1  | Offered knowledge of Lehudib's Crystal Spear by Vehumet.
 38265 | Swamp:1  | Offered knowledge of Fire Storm by Vehumet.
 38265 | Swamp:1  | Offered knowledge of Glaciate by Vehumet.
 38276 | Swamp:1  | Killed Aizul
 38276 | Swamp:1  | Reached skill level 5 in Fire Magic
 39321 | Swamp:2  | Noticed Frances
 39550 | Swamp:2  | Noticed a thorn hunter
 39557 | Swamp:2  | Killed a thorn hunter
 40400 | Swamp:2  | Killed Frances
 40400 | Swamp:2  | Reached skill level 17 in Conjurations
 40793 | Swamp:3  | Reached skill level 5 in Stealth
 41428 | Swamp:3  | Noticed a thorn hunter
 41432 | Swamp:3  | Killed a thorn hunter
 41747 | Swamp:4  | Entered Level 4 of the Swamp
 42951 | Swamp:4  | Reached XP level 17. HP: 95/116 MP: 32/32
 43860 | Swamp:4  | Got a decaying rune of Zot
 44558 | Swamp:4  | Noticed Roxanne
 44579 | Swamp:4  | Killed Roxanne
 44589 | Swamp:4  | Identified Roxanne's Catalogue of Transformation (You took it off Roxanne on level 4 of the Swamp)
 45094 | Spider:1 | Entered Level 1 of the Spider Nest
 45579 | Spider:1 | Reached skill level 18 in Conjurations
 46875 | D:7      | Bought a beef jerky for 19 gold pieces
 46875 | D:7      | Bought 2 slices of pizza for 39 gold pieces
 46875 | D:7      | Bought a meat ration for 65 gold pieces
 46875 | D:7      | Bought a meat ration for 65 gold pieces
 46875 | D:7      | Bought a meat ration for 65 gold pieces
 46878 | D:7      | Bought a bread ration for 65 gold pieces
 46878 | D:7      | Bought a bread ration for 65 gold pieces
 46878 | D:7      | Bought a bread ration for 65 gold pieces
 46878 | D:7      | Bought a bread ration for 65 gold pieces
 49635 | Spider:3 | Reached skill level 10 in Fire Magic
 50128 | Spider:3 | Noticed Agnes
 50136 | Spider:3 | Identified a scroll of acquirement
 50229 | Spider:3 | Killed Agnes
 51391 | Spider:3 | Reached XP level 18. HP: 122/122 MP: 21/35
 51515 | Spider:4 | Entered Level 4 of the Spider Nest
 51515 | Spider:4 | Noticed Xelenos's ghost (adept MiFi)
 53183 | Spider:4 | Reached skill level 19 in Conjurations
 54723 | Spider:4 | Got a gossamer rune of Zot
 54764 | Spider:4 | Reached skill level 10 in Charms
 55469 | Spider:4 | Killed Xelenos's ghost
 56156 | Lair:1   | Gained mutation: You possess an exceptional clarity of mind. [potion of beneficial mutation]
 56271 | Elf:1    | Entered Level 1 of the Elven Halls
 56415 | Elf:1    | Found Agefed Wuu's Distillery.
 56441 | Elf:1    | Bought a potion of heal wounds for 100 gold pieces
 57112 | Depths:1 | Entered Level 1 of the Depths
 57662 | Elf:1    | Reached skill level 1 in Evocations
 58338 | Elf:1    | Noticed a Hell Sentinel
 59163 | Elf:1    | Identified the Compendium of Unholy Rites
 59334 | Elf:1    | Reached XP level 19. HP: 127/127 MP: 13/38
 60066 | Elf:1    | Learned a level 3 spell: Regeneration
 60388 | Elf:2    | Got a polished ring mail
 60453 | Elf:2    | Found a runed gate.
 60453 | Elf:2    | Found a runed gate.
 60454 | Elf:2    | Found a runed gate.
 61185 | Lair:1   | Identified the +2 ring mail "Kuejil" {rF+} (You found it on level 2 of the Elven Halls)
 61370 | D:14     | You paid a toll of a +4 storm dragon armour to enter a treasure trove
 61371 | Trove    | Entered a treasure trove
 61428 | Trove    | Identified Sif Muna's Volume of Augmentations and the Entourage
 61434 | Trove    | Identified the Disquisition on Unholy Combat Magic
 61456 | Trove    | Got a twitching wooden ring
 61458 | Trove    | Got a clouded ivory ring
 61490 | Trove    | Got a wavering garnet amulet
 61496 | Trove    | Identified the ring "Xireucko" {+Fly Dex+5 Stlth-} (You found it in a treasure trove)
 61498 | Trove    | Identified the ring of Bapsiwyuc {Wiz Dex+3} (You found it in a treasure trove)
 61501 | Trove    | Identified the amulet of Kugapnuc {Reflect rN++ Str+4 Dex-5 SH+4} (You found it in a treasure trove)
 61689 | Lair:1   | Learned a level 2 spell: Swiftness
 62161 | Elf:2    | Reached skill level 20 in Conjurations
 62952 | Elf:2    | Reached skill level 15 in Spellcasting
 64496 | Elf:3    | Entered Level 3 of the Elven Halls
 64551 | Elf:3    | Noticed Norris
 64571 | Elf:3    | Killed Norris
 66453 | Elf:3    | Noticed a Brimstone Fiend
 66976 | Elf:3    | Reached XP level 20. HP: 134/134 MP: 14/41
 67527 | Elf:3    | Got a twitching tin ring
 67528 | Elf:3    | Got a crude great sword {drain}
 67808 | Elf:3    | Got a slimy fire dragon armour
 67819 | Elf:3    | Identified the +12 fire dragon armour of Joy {+Fly rF++ rC- MR+ Slay+3} (You found it on level 3 of the Elven Halls)
 67849 | Elf:3    | Identified the Handbook of the Entourage
 67862 | Elf:3    | Identified the cursed +3 great sword of Sunlight {drain, rElec rN+ MR-} (You took it off a deep elf death mage on level 3 of the Elven Halls)
 67907 | Elf:3    | Identified a +2 pair of boots of running (You found it on level 3 of the Elven Halls)
 68296 | Lair:1   | Identified the ring "Gigav" {AC+3 Str+3} (You took it off a deep elf death mage on level 3 of the Elven Halls)
 68682 | Elf:3    | Got a translucent scale mail
 68693 | Elf:3    | Got a brightly glowing hand axe
 68717 | Elf:3    | Identified the +0 scale mail of Pyhehe {Stlth+} (You found it on level 3 of the Elven Halls)
 68727 | Elf:3    | Identified a +0 pair of boots of running (You found it on level 3 of the Elven Halls)
 68760 | Elf:3    | Identified the cursed +1 hand axe of Woe {chop, Int+2} (You found it on level 3 of the Elven Halls)
 70036 | Depths:1 | Reached skill level 21 in Conjurations
 71726 | Depths:1 | Found a one-way gate leading to the halls of Pandemonium.
 72434 | Depths:1 | Reached skill level 15 in Shields
 73373 | Depths:2 | Reached skill level 1 in Long Blades
 73824 | Depths:2 | Reached XP level 21. HP: 99/138 MP: 37/43
 74194 | Depths:2 | Killed from afar by a frost giant

Skill      XL: |  1  2  3  4  5  6  7  8  9 10 11 12 13 14 15 16 17 18 19 20 21 |
---------------+----------------------------------------------------------------+-----
Spellcasting   | 3 4 5 6 8 9 10 12 14 16 17 | 17.2
Dodging        | 3 4 5 7 8 10 11 12 13 14 | 14.0
Conjurations   | 5 6 8 9 10 11 12 13 14 16 17 18 19 20 21 | 21.6
Fighting       | 2 3 5 6 8 10 | 10.6
Charms         | 4 7 8 10 | 10.0
Shields        | 4 6 9 10 12 14 15 | 15.1
Short Blades   | 2 5 |  5.0
Hexes          | 3 5 |  5.6
Armour         | 5 |  5.9
Fire Magic     | 2 7 10 | 10.4
Stealth        | 6 |  6.3
Evocations     | 3 |  3.0
Long Blades    | 2 3 |  3.0

Action                   |  1- 3 |  4- 6 |  7- 9 | 10-12 | 13-15 | 16-18 | 19-21 || total
-------------------------+-------+-------+-------+-------+-------+-------+-------++-------
Melee: Unarmed           |     6 |       |       |       |       |       |       ||     6
       Dagger            |    27 |       |       |   396 |   842 |   817 |    54 ||  2136
       Flail             |     4 |    94 |   191 |    43 |       |       |       ||   332
       Falchion          |       |       |    41 |       |       |       |       ||    41
       Scimitar          |       |       |       |    39 |       |       |   311 ||   350
       Long sword        |       |       |       |    46 |       |       |       ||    46
       Staff             |       |       |       |       |       |       |     1 ||     1
Throw: Throwing net      |       |       |       |     1 |       |       |       ||     1
 Cast: Magic Dart        |    54 |    19 |    39 |   155 |   281 |   480 |   230 ||  1258
       Searing Ray       |     3 |     9 |    51 |    56 |       |       |       ||   119
       Dazzling Spray    |       |       |     9 |    44 |   109 |    34 |    12 ||   208
       Sting             |       |       |    35 |    45 |     4 |       |       ||    84
       Iskenderun's Myst |       |       |     3 |    47 |    76 |    93 |    36 ||   255
       Iskenderun's Batt |       |       |       |    48 |    99 |   152 |    85 ||   384
       Venom Bolt        |       |       |       |       |    91 |       |       ||    91
       Fulminant Prism   |       |       |       |       |    62 |    29 |    35 ||   126
       Orb of Destructio |       |       |       |       |    43 |    64 |    48 ||   155
       Fireball          |       |       |       |       |    26 |    47 |    34 ||   107
       Bolt of Fire      |       |       |       |       |       |   255 |   178 ||   433
       Swiftness         |       |       |       |       |       |       |     8 ||     8
       Regeneration      |       |       |       |       |       |       |     7 ||     7
 Abil: Evoke Flight      |       |       |       |       |       |       |     1 ||     1
Evoke: Wand              |       |       |       |     2 |       |       |     1 ||     3
  Use: Scroll            |     7 |       |     5 |    10 |    20 |    12 |    24 ||    78
       Potion            |       |       |       |     9 |     3 |    10 |     3 ||    25
 Stab: Sleeping          |       |     5 |     5 |    11 |     9 |     3 |     6 ||    39
       Invisible         |       |       |     1 |     7 |    24 |    13 |     2 ||    47
       Distracted        |       |       |       |     1 |     4 |     4 |     2 ||    11
  Eat: Chunk             |     2 |     6 |    18 |    21 |    58 |   113 |   103 ||   321
       Meat ration       |       |       |     1 |     1 |     1 |     7 |       ||    10
       Beef jerky        |       |       |     1 |       |       |     1 |       ||     2
       Bread ration      |       |       |       |     4 |    10 |     9 |       ||    23
       Fruit             |       |       |       |       |       |     9 |       ||     9
       Pizza             |       |       |       |       |       |     3 |       ||     3
Armor: Robe              |    21 |    39 |   104 |    91 |   103 |   112 |    10 ||   480
       Fire dragon armou |       |       |       |       |       |       |   180 ||   180
Dodge: Dodged            |    55 |    79 |   306 |   508 |   543 |   903 |   300 ||  2694
Block: Shield            |       |       |       |   299 |   611 |   856 |   389 ||  2155
